 Dungeon Crawl Stone Soup version 0.28.0 (webtiles) character file.

Game seed: 15793235306980513937

590 danielguo94 the Cudgeller (level 7, -5/43 HPs)
             Began as a Gargoyle Fighter on Feb 6, 2022.
             Was an Initiate of the Shining One.
             Slain by Duvessa (12 damage)
             ... on level 5 of the Dungeon.
             The game lasted 00:09:00 (4104 turns).

danielguo94 the Cudgeller (Gargoyle Fighter)        Turns: 4104, Time: 00:09:00

Health: -5/43      AC: 25    Str: 22    XL:     7   Next: 38%
Magic:  0/7        EV:  7    Int:  8    God:    the Shining One [......]
Gold:   240        SH:  4    Dex:  9    Spells: 6/6 levels left

rFire   + + .      SeeInvis .   g - +2 mace (protect)
rCold   + + .      Faith    .   c - +0 buckler
rNeg    + . .      Spirit   +   q - +1 chain mail {rF+}
rPois   ∞          Reflect  .   (no helmet)
rElec   +          Harm     .   p - +0 cloak
rCorr   +          Rampage  .   u - +1 pair of gloves
Will    .....                   (no boots)
Stlth   ..........              k - amulet of guardian spirit
HPRegen 0.14/turn               m - ring of protection from cold
MPRegen 0.10/turn               e - ring of resist corrosion

@: resistant, under a protective aura, glowing
A: sickness immunity, AC +4, negative energy resistance 1, electricity
resistance, torment resistance 1, petrification resistance
a: Renounce Religion


You were on level 5 of the Dungeon.
You worshipped the Shining One.
The Shining One was noncommittal.
You visited 2 branches of the dungeon, and saw 6 of its levels.

You collected 240 gold pieces.

Inventory:

Hand Weapons
 a - a +0 flail
 g - a +2 mace of protection (weapon)
Missiles
 b - 5 javelins
 f - 114 stones
 s - 5 poisoned darts (quivered)
Armour
 c - a +0 buckler (worn)
 p - a +0 cloak (worn)
 q - a +1 chain mail of fire resistance (worn)
 u - a +1 pair of gloves (worn)
Jewellery
 e - a ring of resist corrosion (right hand)
 k - an amulet of guardian spirit (around neck)
 m - a ring of protection from cold (left hand)
Wands
 i - a wand of iceblast (3)
Scrolls
 h - a scroll of immolation
 j - 2 scrolls of teleportation
 n - a scroll of enchant weapon {unknown}
 r - a scroll of amnesia {unknown}
 w - a scroll of summoning {unknown}
Potions
 d - a potion of might
 l - a potion of resistance
 o - 2 potions of flight {unknown}
 t - a potion of mutation {unknown}
 v - a potion of haste {unknown}


   Skills:
 + Level 4.3 Fighting
 * Level 6.0 Maces & Flails
 + Level 0.3 Throwing
 + Level 4.7 Armour
 + Level 0.7 Dodging
 + Level 4.4 Shields


You had 6 spell levels left.
You didn't know any spells.
Your spell library contained the following spells:

 Spells                   Type           Power      Damage    Failure   Level
 Magic Dart               Conj           0%         1d3       99%         1
 Call Imp                 Summ           0%         N/A       100%        2
 Corpse Rot               Necr/Air       0%         N/A       100%        2
 Mephitic Cloud           Conj/Pois/Air  0%         N/A       100%        3
 Dispel Undead            Necr           0%         3d6       100%        4
 Death Channel            Necr           0%         N/A       100%        6


Dungeon Overview and Level Annotations

Branches:
Dungeon (5/15)             Temple (1/1) D:4

Altars:
Ashenzari
Gozag
Nemelex Xobeh
Okawaru
Qazlal
Ru
Trog
Uskayaw
Vehumet
Wu Jian
The Shining One

Annotations:
D:5 Duvessa


Innate Abilities, Weirdness & Mutations

You are immune to sickness and miasma.
Your stone body is resilient. (AC +4)
You are immune to poison.
You resist negative energy. (rN+)
You are resistant to electric shocks. (rElec)
You are resistant to unholy torment.
You are immune to petrification.


Message History

You sock Duvessa!
Your weapon exudes an aura of protection.
Duvessa is lightly wounded.
Duvessa completely misses you. x2
You hit Duvessa.
Duvessa is moderately wounded.
Duvessa hits you with a +0 short sword!
You hit Duvessa.
Duvessa is heavily wounded.
Duvessa closely misses you. Duvessa barely misses you.
You hit Duvessa but do no damage.
Duvessa is heavily wounded.
Duvessa hits you with a +0 short sword. Duvessa completely misses you.
You barely miss Duvessa.
Duvessa is heavily wounded.
Duvessa hits you but does no damage. Duvessa barely misses you.
You hit Duvessa.
Duvessa is heavily wounded.
Duvessa hits you but does no damage.
You hit Duvessa but do no damage.
Duvessa is heavily wounded.
Duvessa hits you but does no damage. Duvessa hits you with a +0 short sword!
You hit Duvessa but do no damage.
Duvessa is heavily wounded.
You block Duvessa's attack. Duvessa hits you with a +0 short sword!
You are too injured to fight recklessly!
You hit Duvessa but do no damage.
Duvessa is heavily wounded.
Duvessa hits you but does no damage.
You sock Duvessa!
Duvessa is heavily wounded.
Duvessa hits you with a +0 short sword. Duvessa closely misses you.
You sock Duvessa!
Duvessa is severely wounded.
Duvessa closely misses you. Duvessa hits you with a +0 short sword!
* * * LOW HITPOINT WARNING * * *
It was a potion of resistance.
You feel protected. Duvessa hits you with a +0 short sword!
You die...

#.........# .#####.
#.........# #.
#.........#### #.
#............. ##
######....########## #
#....#......... # #
#....#.########.###
#######....#.#.###.......
.............)..@e.......
############.#####.......
#.....+.......
#######....... .......
....... ....... .......


You could see Duvessa (berserk).

Vanquished Creatures
  An ogre (D:4)
  2 scorpions
  Dowan (D:5)
  A crimson imp (D:4)
  A bullfrog zombie (D:4)
  10 adders
  8 gnolls
  A howler monkey skeleton (D:4)
  A white imp (D:4)
  An ufetubus (D:5)
  3 worms
  2 dart slugs
  5 bats
  8 endoplasms
  3 giant cockroaches
  7 goblins
  15 hobgoblins
  2 quokkas
  3 ball pythons
  4 frilled lizards
  3 kobolds
  6 rats
88 creatures vanquished.

Notes
Turn   | Place    | Note
-------+----------+-------------------------------------------
     0 | D:1      | danielguo94 the Gargoyle Fighter began the quest for the
                  | Orb.
     0 | D:1      | Reached XP level 1. HP: 14/14 MP: 1/1
    76 | D:1      | Reached XP level 2. HP: 19/19 MP: 2/2
   276 | D:1      | Reached XP level 3. HP: 23/23 MP: 3/3
  1031 | D:2      | Found a faded altar of an unknown god.
  1046 | D:2      | Reached skill level 3 in Maces & Flails
  1135 | D:2      | Reached XP level 4. HP: 29/29 MP: 4/4
  1839 | D:2      | Reached XP level 5. HP: 29/33 MP: 3/5
  2136 | D:3      | Reached skill level 4 in Maces & Flails
  2544 | D:4      | Found a staircase to the Ecumenical Temple.
  2559 | Temple   | Entered the Ecumenical Temple
  2561 | Temple   | Reached XP level 6. HP: 23/38 MP: 4/6
  2620 | Temple   | Became a worshipper of the Shining One
  2834 | D:4      | Found a stormy altar of Qazlal.
  3062 | D:4      | Reached skill level 5 in Maces & Flails
  3534 | D:5      | Entered Level 5 of the Dungeon
  3849 | D:5      | Reached XP level 7. HP: 43/43 MP: 7/7
  4066 | D:5      | Noticed Dowan
  4084 | D:5      | Killed Dowan
  4085 | D:5      | Reached skill level 6 in Maces & Flails
  4089 | D:5      | Noticed Duvessa
  4104 | D:5      | Slain by Duvessa

Illustrated notes

Levels and vault maps discovered:
D:1:      minmay_arrival_diagonal_passages, layout_basic
D:2:      minmay_inner_zag, layout_loops_corners,
          ebering_ecumenical_altar_sacrificial
D:3:      layout_rooms
D:4:      layout_rooms, mainiacjoe_overflow_six_doors_small,
          minmay_temple_entry_waves, minmay_fire_ice_demons
D:5:      layout_basic, uniq_duvessa
Temple:   minmay_crystal_snake_temple

Skill      XL: |  1  2  3  4  5  6  7 |
---------------+----------------------+-----
Maces & Flails | 3 4 5 6 |  6.0
Armour         | 4 |  4.7
Fighting       | 4 |  4.3
Shields        | 4 |  4.4
Throwing       | |  0.3
Dodging        | |  0.7

Action                   |  1- 3 |  4- 6 |  7- 9 || total
-------------------------+-------+-------+-------++-------
Melee: Flail             |    81 |   250 |       ||   331
       Mace              |       |     4 |    52 ||    56
Throw: Dart              |       |     6 |       ||     6
  Use: Scroll            |       |     6 |       ||     6
       Potion            |       |       |     1 ||     1
Armor: Scale mail        |    29 |    54 |       ||    83
       Chain mail        |       |   103 |    36 ||   139
       Skin              |       |     2 |       ||     2
Dodge: Dodged            |    33 |   131 |    26 ||   190
Block: Buckler           |    22 |    72 |     8 ||   102
